cohdb
Replays
Latest Replays
All Replays
Popular Replays
Top Player Replays
Match Explorer
How It Works
Community
CoH3 Stats
Reddit
Sign in to upload your games and track your stats! →
Sign in with Steam
Match 40877604
Unlisted
Match 40877604
Overview
Messages
Build Orders
End
Kettenkrad Recon Vehicle
Construct Infanterie Kompanie
Selects Terror Battlegroup
Selects Machine Gun Camouflage
MG 42 Machine Gun Team
MG 42 Machine Gun Team
Grenadier Squad
Construct Panzergrenadier Kompanie
Panzergrenadier Squad
251 Medium Carrier
Pak 40 Anti-tank Gun Team
Pioneer Squad
Panzergrenadier Squad
Selects Contempt for the Weak
Selects Propaganda Leaflet Drop
Propaganda Leaflet Drop
Construct Panzer Kompanie
Propaganda Leaflet Drop
Selects V1 Rocket Strike
Panzergrenadier Squad
Panzergrenadier Squad
Side Skirts
Propaganda Leaflet Drop
Panzer IV Medium Tank
251 Medium Carrier
Propaganda Leaflet Drop
Selects No Quarter
Panzer IV Medium Tank
Yanto
양심티거사랑
Gravey
渴了就嘬阿罗娜
spring
[TakTakTak]Boys
iiruoz
TEA OR STH STRONGER
0
0
Comments
sign in to comment!
No comments posted yet!